 Dungeon Crawl Stone Soup version 0.21-a0-274-gc1afaeb (webtiles) character file.

26650 Gagarin the Grappler (level 13, -5/128 HPs)
             Began as a Troll Hunter on Sept 18, 2017.
             Was an Elder of Wu Jian.
             Slain by a manticore (23 damage)
             ... on level 6 of the Lair of Beasts.
             The game lasted 01:00:31 (13126 turns).

Gagarin the Grappler (Troll Hunter)                Turns: 13126, Time: 01:00:32

Health: -5/128     AC: 18    Str: 24    XL:     13   Next: 0%
Magic:  14/14      EV: 18    Int:  7    God:    Wu Jian [****..]
Gold:   731        SH:  0    Dex: 13    Spells: 12/12 levels left

rFire    . . .     SeeInvis .     - Unarmed
rCold    . . .     Gourm    +   (no shield)
rNeg     . . .     Faith    .   V - +2 troll leather armour
rPois    .         Spirit   .   N - +2 hat
rElec    .         Reflect  .   h - +1 cloak
rCorr    .         Harm     .   (gloves unavailable)
MR       .....                  (boots unavailable)
Stlth    +.........             p - amulet of magic regeneration
HPRegen  1.11/turn              Y - +4 ring of evasion
MPRegen  0.39/turn              O - +5 ring of protection

@: lethally poisoned (-5 -> -5), sleeping
A: unfitting armour, claws 3, fast metabolism 3, gourmand, regeneration 1,
shaggy fur 1, tough skin 2
a: Serpent's Lash, Renounce Religion


You were on level 6 of the Lair of Beasts.
You worshipped Wu Jian.
Wu Jian was greatly pleased with you.
You were very full.

You visited 3 branches of the dungeon, and saw 17 of its levels.

You collected 1137 gold pieces.
You spent 406 gold pieces at shops.

Inventory:

Hand Weapons
 y - a +5 blowgun
Missiles
 n - 69 poisoned needles
 K - 4 large rocks (quivered)
Armour
 h - a +1 cloak (worn)
 N - a +2 hat (worn)
 V - a +2 troll leather armour (worn)
Jewellery
 c - an uncursed ring of see invisible
 p - an amulet of magic regeneration (around neck)
 O - a +5 ring of protection (right claw)
 Y - a +4 ring of evasion (left claw)
Wands
 i - a wand of paralysis (14/24)
 w - a wand of disintegration (15/24)
 x - a wand of paralysis (16/24)
Scrolls
 a - a scroll of summoning {unknown}
 b - a scroll of vulnerability
 e - 4 scrolls of teleportation
 l - a scroll of amnesia
 s - a scroll of enchant armour
 t - a scroll of torment {unknown}
 v - a scroll of fear {unknown}
 C - a scroll of fog
 H - a scroll of acquirement {unknown}
 J - a scroll of silence {unknown}
 L - 3 scrolls of magic mapping
 Q - a scroll of noise {unknown}
 R - 2 scrolls of remove curse
 S - 5 scrolls of recharging
 T - 3 scrolls of identify
Potions
 j - a potion of magic {unknown}
 k - a potion of ambrosia {unknown}
 r - a potion of invisibility {unknown}
 u - 3 potions of flight
 z - 2 potions of haste
 A - a potion of resistance {unknown}
 B - 5 potions of brilliance
 M - 3 potions of lignification
 U - a potion of cancellation {unknown}
 X - 4 potions of curing {unknown}
Books
 m - a book of Battle

   Spells                             Type                      Level
   a - Infusion                       Charms                       1
   b - Shroud of Golubria             Charms/Translocation         2
   c - Song of Slaying                Charms                       2
   d - Spectral Weapon                Hexes/Charms                 3
   e - Regeneration                   Charms/Necromancy            3
 o - a book of Frost

   Spells                             Type                      Level
   a - Freeze                         Ice                          1
   b - Throw Frost                    Conjuration/Ice              2
   c - Ozocubu's Armour               Charms/Ice                   3
   d - Throw Icicle                   Conjuration/Ice              4
   e - Summon Ice Beast               Ice/Summoning                4
Miscellaneous
 Z - a fan of gales
Comestibles
 d - 9 meat rations
 f - 12 bread rations
 g - 16 royal jellies
 q - 12 fruits


   Skills:
 + Level 8.5 Fighting
 - Level 8.0 Throwing
 - Level 4.0 Armour
 + Level 8.6 Dodging
 - Level 0.3 Stealth
 * Level 13.4 Unarmed Combat
 - Level 3.5 Evocations


You had 12 spell levels left.
You didn't know any spells.

Dungeon Overview and Level Annotations

Branches:
Dungeon (10/15)            Temple (1/1) D:7            Lair (6/6) D:10
  Swamp (0/4) Lair:3       Spider (0/4) Lair:4        Slime (0/5) Lair:5
    Orc: D:9-12

Altars:
Ashenzari
Cheibriados
Elyvilon
Gozag
Hepliaklqana
Makhleb
Nemelex Xobeh
Okawaru
Qazlal
Ru
Sif Muna
Trog
Uskayaw
Vehumet
Wu Jian
Xom
Yredelemnul
Zin
The Shining One

Shops:
D:6 ?   D:9 %   D:10 [(

Annotations:
Lair:5 exclusion: oklob plant


Innate Abilities, Weirdness & Mutations

You are too large for most types of armour.
You have claws for hands.
Your metabolism is lightning-fast.
You like to eat raw meat.
Your natural rate of healing is unusually fast.
You are covered in fur. (AC +1)
You have very tough skin. (AC +2)


Message History

The dream sheep is severely wounded.
You barely miss the dream sheep.
The dream sheep is severely wounded.
You feel sick. The dream sheep closely misses you.
Okay, then.
You spin and attack the dream sheep.
You mangle the dream sheep!!
You kill the dream sheep!
The Council accepts your kill.
You have reached level 13!
You feel sick. The dream sheep closely misses you.
You spin and attack the dream sheep.
You claw the dream sheep! Your claw misses the dream sheep.
The dream sheep is heavily wounded.
You spin and attack the dream sheep.
You scratch the dream sheep.
The dream sheep is lightly wounded.
You feel sick. The dream sheep misses you.
The dream sheep shake their wool and sparkle.
You feel drowsy...
You fall asleep.
You feel sick. The manticore misses you. The manticore claws you!!
You die...

#..... # ..#...
.#.....#. ##
###....#... ###..
#....P#.?.. .....#
##....PP....
......###.[H.PPPP...
....8.....YY@P.P....
8.........YYY.......
...8....†...P.......
...........PP.......
.....8.....P$.......
..........P....PPP..
...............P.#..
....................
##.......##........


You could see a manticore and 5 dream sheep.

Vanquished Creatures
  2 hydras (Lair:4)
  A catoblepas (Lair:4)
  A two-headed ogre (D:10)
  A death yak (Lair:5)
  Pikel (D:7)
  A wolf spider (Lair:1)
  9 elephants
  5 black mambas
  6 spiny frogs
  2 rime drakes
  5 komodo dragons
  4 jumping spiders (Lair:4)
  A troll (D:9)
  A polar bear (Lair:5)
  5 blink frogs (Lair:1)
  2 hornets (Lair:1)
  2 dream sheep (Lair:6)
  A wyvern (Lair:2)
  A redback (Lair:4)
  23 yaks
  3 basilisks
  2 hungry ghosts
  Edmund (D:4)
  5 porcupines
  7 water moccasins
  3 orc warriors
  3 phantoms (D:5)
  4 sky beasts
  2 necrophages
  2 slaves (D:7)
  3 black bears
  4 ice beasts
  2 ogres
  4 centaurs
  6 crocodiles
  A big kobold (D:10)
  12 bullfrogs
  A gnoll sergeant (D:9)
  4 scorpions
  6 killer bees (D:10)
  3 wights (D:10)
  4 howler monkeys
  An electric eel (Lair:4)
  4 crimson imps
  3 jellies (D:9)
  A quasit (D:8)
  4 orc priests
  5 hounds
  12 orc wizards
  5 worker ants
  2 iguanas
  4 hell rats (Lair:3)
  A killer bee zombie (D:7)
  A hound zombie (D:5)
  A hound skeleton (D:4)
  A worker ant zombie (D:10)
  20 adders
  18 gnolls
  A shadow imp (D:9)
  An adder zombie (D:5)
  6 oozes
  3 worms
  4 dart slugs
  4 leopard geckos
  26 orcs
  3 ball pythons
  7 giant cockroaches
  7 goblins
  5 hobgoblins
  29 jackals
  9 kobolds
  A quokka (D:4)
  2 frilled lizards
  A leopard gecko skeleton (D:7)
  A quokka skeleton (D:9)
  11 rats
  A fungus (Lair:2)
361 creatures vanquished.

Vanquished Creatures (others)
  3 plants (Lair:1)
3 creatures vanquished.

Grand Total: 364 creatures vanquished

Notes
Turn   | Place    | Note
-------+----------+-------------------------------------------
     0 | D:1      | Gagarin the Troll Hunter began the quest for the Orb.
     0 | D:1      | Reached XP level 1. HP: 19/19 MP: 0/0
   100 | D:1      | Reached skill level 1 in Unarmed Combat
   100 | D:1      | Reached XP level 2. HP: 27/27 MP: 1/1
   674 | D:2      | Reached XP level 3. HP: 35/35 MP: 2/2
  1331 | D:3      | Reached skill level 2 in Unarmed Combat
  1359 | D:3      | Reached XP level 4. HP: 40/42 MP: 3/3
  1586 | D:3      | Found a shimmering altar of Xom.
  1591 | D:3      | Found a shimmering altar of Xom.
  1591 | D:3      | Found a shimmering altar of Xom.
  1591 | D:3      | Found a shimmering altar of Xom.
  1592 | D:3      | Found a shimmering altar of Xom.
  1592 | D:3      | Found a shimmering altar of Xom.
  1592 | D:3      | Found a shimmering altar of Xom.
  1593 | D:3      | Found a shimmering altar of Xom.
  1891 | D:4      | Reached XP level 5. HP: 34/50 MP: 4/4
  1963 | D:4      | Reached skill level 3 in Unarmed Combat
  2049 | D:4      | Found a stormy altar of Qazlal.
  2087 | D:4      | Reached XP level 6. HP: 57/59 MP: 5/5
  2156 | D:4      | Noticed Edmund
  2188 | D:4      | Killed Edmund
  2188 | D:4      | Reached skill level 4 in Unarmed Combat
  2811 | D:5      | Entered Level 5 of the Dungeon
  2923 | D:5      | Reached XP level 7. HP: 67/67 MP: 6/6
  2947 | D:5      | Reached skill level 5 in Throwing
  2998 | D:5      | Found a white marble altar of Elyvilon.
  3284 | D:5      | Reached skill level 5 in Unarmed Combat
  3433 | D:5      | Reached XP level 8. HP: 73/78 MP: 7/7
  3527 | D:5      | Got a slimy war axe {chaos}
  3587 | D:5      | Reached skill level 6 in Unarmed Combat
  4372 | D:6      | Found Dyolit's Magic Scroll Boutique.
  4383 | D:6      | Bought a scroll of teleportation for 42 gold pieces
  4383 | D:6      | Bought a scroll of identify for 28 gold pieces
  4383 | D:6      | Bought a scroll of blinking for 105 gold pieces
  4387 | D:6      | Bought a scroll of remove curse for 42 gold pieces
  4617 | D:6      | Reached skill level 1 in Evocations
  4759 | D:6      | Found a glowing golden altar of the Shining One.
  4913 | D:7      | Found a staircase to the Ecumenical Temple.
  4919 | Temple   | Entered the Ecumenical Temple
  4928 | Temple   | Became a worshipper of the Wu Jian Council
  5002 | D:7      | Found a burning altar of Makhleb.
  5252 | D:7      | Found a deep blue altar of Sif Muna.
  5287 | D:7      | Found a hide-covered altar of Uskayaw.
  5288 | D:7      | Found a shattered altar of Ashenzari.
  5307 | D:7      | Reached skill level 7 in Unarmed Combat
  5413 | D:7      | Noticed Pikel
  5464 | D:7      | Killed Pikel
  5464 | D:7      | Reached XP level 9. HP: 81/84 MP: 9/9
  5617 | D:7      | Reached skill level 5 in Dodging
  5859 | D:7      | Found a sacrificial altar of Ru.
  6249 | D:8      | Reached skill level 5 in Fighting
  6341 | D:8      | Reached * piety under Wu Jian
  6471 | D:8      | Reached skill level 8 in Unarmed Combat
  7007 | D:9      | Reached XP level 10. HP: 30/95 MP: 11/11
  7094 | D:9      | Reached ** piety under Wu Jian
  7353 | D:9      | Found Ophemud's Food Emporium.
  7656 | D:10     | Entered Level 10 of the Dungeon
  7698 | D:10     | Noticed a two-headed ogre
  7704 | D:10     | Killed a two-headed ogre
  7704 | D:10     | Reached skill level 1 in Armour
  7704 | D:10     | Reached skill level 9 in Unarmed Combat
  7954 | D:10     | Found Icvefe's Antique Armour Emporium.
  7959 | D:10     | Bought a glowing hat for 189 gold pieces
  8083 | D:10     | Reached *** piety under Wu Jian
  8159 | D:10     | Found Itrutoba's Antique Weapon Shoppe.
  8311 | D:10     | Found a staircase to the Lair.
  8550 | Lair:1   | Entered Level 1 of the Lair of Beasts
  8552 | Lair:1   | Identified the cursed +1 war axe "Buni" {chaos, *Noise MR++} (You took it off a centaur on level 5 of the Dungeon)
  8721 | Lair:1   | Reached skill level 10 in Unarmed Combat
  8760 | Lair:1   | Noticed a black mamba
  8776 | Lair:1   | Killed a black mamba
  8776 | Lair:1   | Reached XP level 11. HP: 59/105 MP: 12/12
  8882 | Lair:1   | Noticed a wolf spider
  8890 | Lair:1   | Killed a wolf spider
  9832 | Lair:2   | Reached **** piety under Wu Jian
  9906 | Lair:2   | Reached skill level 11 in Unarmed Combat
 10581 | Lair:3   | Found a staircase to the Swamp.
 10754 | Lair:3   | Reached XP level 12. HP: 85/117 MP: 13/13
 11322 | Lair:4   | Reached skill level 12 in Unarmed Combat
 11346 | Lair:4   | Noticed a six-headed hydra
 11410 | Lair:4   | Noticed a catoblepas
 11423 | Lair:4   | Killed a catoblepas
 11550 | Lair:4   | Found a hole to the Spider Nest.
 11613 | Lair:4   | Killed a six-headed hydra
 11934 | Lair:4   | Noticed a four-headed hydra
 11946 | Lair:4   | Killed a four-headed hydra
 11946 | Lair:4   | Reached skill level 13 in Unarmed Combat
 12541 | Lair:5   | Found a staircase to the Slime Pits.
 12630 | Lair:5   | Noticed a death yak
 12652 | Lair:5   | Killed a death yak
 13092 | Lair:6   | Entered Level 6 of the Lair of Beasts
 13096 | Lair:6   | Noticed a seven-headed hydra
 13099 | Lair:6   | Noticed a catoblepas
 13116 | Lair:6   | HP: 6/122 [dream sheep[a torpor snail] (5)]
 13124 | Lair:6   | Reached XP level 13. HP: 17/128 MP: 14/14
 13126 | Lair:6   | Slain by a manticore

Vault maps used:
D:1:      lightli_arrival_flooded_house
D:2:      first_bread
D:3:      xom_redecorated
D:4:      nicolae_qazlal_general_emergency, uniq_edmund
D:5:      elyvilon_altar_1
D:6:      tso_altar, serial_shops, shop
D:7:      lemuel_crystal_altar, bloody_makhleb, grunt_temple_overflow_open,
          lemuel_blue_sif_altar, minmay_temple_entry_hall, uniq_pikel
D:9:      serial_shops, nicolae_shop_behind_doors,
          hangedman_little_slice_of_home
D:10:     grunt_lair_entry_orc_guard_hut, serial_shops, shop_statue, shop
Temple:   eino_temple_lava
Lair:1:   minmay_lair_venomous_thicket, serial_bayou_pond_a,
          nicolae_quartered_pool_super
Lair:3:   swamp_mist_pool
Lair:4:   nicolae_spider_entry_tight_spaces
Lair:5:   slime_dummy, minmay_lair_oklob_bushes, beast_lair_carwin_4
Lair:6:   evilmike_catoblepas_cave, grunt_forest_large_clearings

Skill      XL: |  1  2  3  4  5  6  7  8  9 10 11 12 |
---------------+-------------------------------------+-----
Unarmed Combat | 1 2 3 4 5 7 8 10 11 13 | 13.4
Dodging        | 2 3 4 5 6 7 8 |  8.6
Fighting       | 2 3 4 5 6 7 8 |  8.5
Throwing       | 4 5 6 7 8 |  8.0
Evocations     | 1 2 3 |  3.5
Armour         | 2 4 |  4.0
Stealth        | |  0.3

Action                   |  1- 3 |  4- 6 |  7- 9 | 10-12 | 13-15 || total
-------------------------+-------+-------+-------+-------+-------++-------
Melee: Unarmed           |   142 |   127 |   355 |   675 |     2 ||  1301
       Punch             |       |     3 |     6 |    33 |       ||    42
 Fire: Blowgun           |       |       |     4 |    42 |       ||    46
Throw: Large rock        |       |    16 |    27 |     9 |       ||    52
       Throwing net      |       |     3 |     2 |       |       ||     5
Evoke: Wand              |       |       |       |    24 |       ||    24
  Use: Scroll            |       |       |     8 |    23 |       ||    31
       Potion            |       |       |       |     2 |       ||     2
 Stab: Sleeping          |     1 |     2 |       |       |       ||     3
       Held in net/web   |       |     2 |     1 |       |       ||     3
       Paralysed         |       |       |       |    10 |       ||    10
  Eat: Chunk             |    18 |    15 |    36 |    62 |       ||   131
Armor: Robe              |    52 |    38 |    85 |     1 |       ||   176
       Troll leather arm |       |       |       |   159 |       ||   159
Dodge: Dodged            |    73 |    62 |   196 |   420 |     3 ||   754

Table legend:
 A = Spawn XP
 B = Non-spawn XP
 C = Spawn XP percentage of total XP
 D = Spawn monster count
 E = Non-spawn monster count
 F = Spawn count percentage of total count
 G = Total turns spent on level
                    A         B        C        D         E        F      G
               +---------+---------+-------+---------+---------+-------+---------
         Total |       0 |   38072 |   0.0 |       0 |     358 |   0.0 | 13126
               +---------+---------+-------+---------+---------+-------+---------
           D:1 |       0 |      40 |   0.0 |       0 |      22 |   0.0 |   664
           D:2 |       0 |      51 |   0.0 |       0 |      25 |   0.0 |   628
           D:3 |       0 |      89 |   0.0 |       0 |      16 |   0.0 |   571
           D:4 |       0 |     476 |   0.0 |       0 |      29 |   0.0 |   948
           D:5 |       0 |    1111 |   0.0 |       0 |      31 |   0.0 |  1308
           D:6 |       0 |     511 |   0.0 |       0 |      12 |   0.0 |   838
           D:7 |       0 |    1402 |   0.0 |       0 |      18 |   0.0 |  1239
           D:8 |       0 |    1131 |   0.0 |       0 |      27 |   0.0 |   685
           D:9 |       0 |    1650 |   0.0 |       0 |      34 |   0.0 |   756
          D:10 |       0 |    3418 |   0.0 |       0 |      37 |   0.0 |   894
        Lair:1 |       0 |    4408 |   0.0 |       0 |      22 |   0.0 |  1138
        Lair:2 |       0 |    5974 |   0.0 |       0 |      24 |   0.0 |   801
        Lair:3 |       0 |    3158 |   0.0 |       0 |      16 |   0.0 |   713
        Lair:4 |       0 |   10147 |   0.0 |       0 |      31 |   0.0 |  1126
        Lair:5 |       0 |    2770 |   0.0 |       0 |       7 |   0.0 |   764
        Lair:6 |       0 |    1736 |   0.0 |       0 |       7 |   0.0 |    34
               +---------+---------+-------+---------+---------+-------+---------
